Map: Tropic Shores

Players

JaySlays

  • Race: Terran Terran
  • Spawn Location: 5:00

Wolf

  • Race: Zerg Zerg
  • League: Diamond
  • Spawn Location: 6:00

OptimusPrime

  • Race: Protoss Protoss
  • Spawn Location: 6:00

SneekySheeks

  • Race: Protoss Protoss
  • Spawn Location: 5:00

Yoer

  • Race: Zerg Zerg
  • League: Gold
  • Spawn Location: 12:00

HoboMolester

  • Race: Terran Terran
  • League: Gold
  • Spawn Location: 11:00

trancient

  • Race: Protoss Protoss
  • Spawn Location: 0:00

Buzzkill

  • Race: Protoss Protoss
  • League: Platinum
  • Spawn Location: 12:00

VOD

Have the link to the VOD?

Description

Time

  • Played on: April 15, 2018, 9:56 p.m.
  • Length: 6:05
Show
View Real Time Build Order
Export as new Build Order

JaySlays Terran 

Build Orders:  

Get SALT Encoding   

  12  0:01  SCV  
  13  0:14  SCV  
  14  0:18  Supply Depot  
  14  0:26  SCV  
  15  0:40  SCV  
  15  0:41  Barracks  
  16  0:47  Refinery  
  16  0:52  SCV  
  17  1:03  Refinery  
  17  1:04  SCV  
  18  1:16  SCV  
  19  1:32  Orbital Command  
  19  1:34  Barracks Tech Lab  
  19  1:40  Barracks  
  19  1:49  Supply Depot  
  19  1:56  Ghost Academy  
  19  2:01  SCV  
  20  2:15  Factory  
  20  2:17  SCV  
  21  2:29  Personal Cloaking  
  21  2:35  Barracks Tech Lab  
  21  2:53  Ghost  
  23  3:06  SCV  
  23  3:11  Marine  
  25  3:18  SCV  
  27  3:31  SCV  
  28  3:34  Ghost  
  28  3:37  Command Center  
  28  3:40  Ghost  
  31  3:45  Supply Depot  
  31  4:03  Nuke  
  31  4:15  Engineering Bay  
  31  4:37  SCV  
  32  4:49  SCV  
  33  5:05  Ghost Academy  
Show
View Real Time Build Order
Export as new Build Order

Wolf Zerg 

Build Orders: Pool First 

Get SALT Encoding   

  12  0:02  Drone  
  13  0:13  Overlord  
  13  0:18  Drone  
  14  0:31  Drone x2  
  14  0:35  Drone  
  17  0:45  Extractor  
  16  0:50  Spawning Pool  
  16  0:51  Drone  
  16  1:07  Drone  
  17  1:22  Drone  
  18  1:27  Drone  
  18  1:28  Hatchery  
  18  1:36  Drone  
  19  1:44  Queen  
  21  1:51  Metabolic Boost  
  21  1:57  Overlord  
  21  2:00  Zergling x2  
  22  2:16  Zergling x4  
  24  2:24  Zergling x2  
  25  2:33  Zergling x2  
  26  2:58  Zergling x4  
  26  2:59  Zergling x4  
  26  3:00  Zergling x4  
  32  3:13  Zergling x2  
  32  3:14  Zergling x6  
  36  3:20  Baneling Nest  
  34  3:32  Zergling x2  
  34  3:33  Zergling x2  
  35  3:46  Drone  
  35  3:48  Overlord x3  
  34  3:55  Queen  
  35  4:06  Baneling x4  
  35  4:07  Baneling  
  35  4:10  Drone x5  
  30  4:47  Zergling x2  
  30  4:48  Zergling x10  
  35  5:00  Drone, Zergling x2  
  25  5:33  Zergling x6  
Show
View Real Time Build Order
Export as new Build Order

OptimusPrime Protoss 

Build Orders:  

Get SALT Encoding   

  12  0:01  Probe  
  13  0:13  Probe  
  14  0:26  Pylon  
  14  0:29  Assimilator  
  14  0:31  Probe  
  15  0:45  Probe  
  16  0:50  Gateway  
  16  0:56  Pylon  
  16  1:00  Probe (Chrono Boost)  
  17  1:10  Probe (Chrono Boost), Assimilator  
  18  1:15  Probe (Chrono Boost)  
  19  1:27  Probe (Chrono Boost), Pylon  
  20  1:39  Probe (Chrono Boost)  
  21  1:42  Cybernetics Core  
  21  1:44  Probe (Chrono Boost)  
  22  2:10  Pylon  
  22  2:15  Probe  
  22  2:22  Stargate  
  23  2:25  Stargate  
  23  2:29  Pylon  
  23  2:31  Pylon  
  23  2:57  Nexus  
  23  3:12  Void Ray (Chrono Boost)  
  27  3:35  Pylon  
  27  3:43  Forge  
  27  3:44  Void Ray (Chrono Boost)  
  31  4:11  Probe (Chrono Boost)  
  32  4:20  Photon Cannon  
  32  4:21  Probe (Chrono Boost)  
  32  4:23  Photon Cannon  
  33  4:26  Probe (Chrono Boost)  
  34  4:33  Void Ray  
  38  5:10  Void Ray  
  42  5:15  Void Ray  
Show
View Real Time Build Order
Export as new Build Order

SneekySheeks Protoss 

Build Orders: Nexus First 

Get SALT Encoding   

  12  0:01  Probe (Chrono Boost)  
  13  0:11  Probe (Chrono Boost)  
  14  0:16  Probe (Chrono Boost)  
  15  0:49  Nexus  
  15  1:01  Pylon  
  15  1:05  Pylon  
  15  1:28  Forge  
  15  1:39  Probe (Chrono Boost)  
  16  1:49  Probe (Chrono Boost)  
  16  1:54  Probe (Chrono Boost)  
  18  2:04  Photon Cannon  
  18  2:08  Photon Cannon  
  18  2:11  Assimilator  
  18  2:16  Assimilator  
  18  2:20  Probe, Gateway  
  18  2:21  Probe  
  20  2:32  Probe  
  20  2:33  Probe  
  22  2:44  Probe (Chrono Boost)  
  22  2:46  Probe (Chrono Boost)  
  24  2:57  Probe (Chrono Boost)  
  26  2:58  Probe (Chrono Boost)  
  26  3:04  Probe x2 (Chrono Boost)  
  28  3:08  Cybernetics Core  
  28  3:10  Pylon  
  28  3:11  Probe  
  28  3:12  Probe  
  29  3:16  Assimilator  
  30  3:21  Assimilator  
  30  3:23  Probe  
  30  3:24  Probe  
  32  3:31  Pylon  
  32  3:35  Probe  
  32  3:36  Probe  
  34  3:47  Probe  
  36  3:48  Probe  
  36  3:51  Pylon  
  36  3:55  Pylon  
  36  3:59  Pylon, Probe  
  36  4:00  Probe  
  38  4:09  Stargate  
  38  4:11  Probe  
  38  4:12  Probe  
  40  4:19  Photon Cannon  
  40  4:23  Probe  
  41  4:24  Probe  
  41  4:26  Photon Cannon  
  42  4:40  Photon Cannon  
  42  4:42  Photon Cannon  
  42  4:45  Photon Cannon  
  42  4:49  Probe x2  
  44  4:57  Photon Cannon  
  44  5:02  Photon Cannon  
  44  5:04  Photon Cannon  
  44  5:31  Shield Battery  
  44  5:36  Shield Battery  
Show
View Real Time Build Order
Export as new Build Order

Yoer Zerg 

Build Orders: Pool First 

Get SALT Encoding   

  12  0:01  Drone  
  13  0:08  Drone  
  14  0:23  Extractor, Drone  
  14  0:41  Overlord  
  14  0:44  Spawning Pool  
  14  0:45  Drone  
  15  1:04  Drone x2  
  16  1:19  Drone x2  
  18  1:33  Queen  
  18  1:34  Metabolic Boost  
  18  1:39  Drone  
  21  1:40  Overlord  
  21  1:48  Drone  
  22  1:59  Zergling x2  
  23  2:17  Hatchery  
  22  2:23  Zergling x4  
  24  3:10  Zergling x2  
  24  3:11  Zergling x8  
  29  3:19  Lair, Baneling Nest  
  25  3:35  Queen  
  25  3:37  Drone  
  28  3:51  Drone  
  28  3:52  Drone  
  30  4:08  Baneling x2  
  30  4:13  Overlord x2  
  30  4:15  Centrifical Hooks  
  25  4:41  Zergling x6  
  28  4:46  Zergling x20  
  38  4:59  Drone  
  39  5:03  Drone  
  40  5:08  Baneling x2  
  40  5:16  Baneling x4  
  29  5:54  Spire  
Show
View Real Time Build Order
Export as new Build Order

HoboMolester Terran 

Build Orders:  

Get SALT Encoding   

  12  0:00  SCV  
  13  0:15  Supply Depot  
  13  0:20  SCV  
  14  0:32  SCV  
  14  0:35  Refinery  
  15  0:44  SCV  
  15  0:48  Barracks  
  16  0:56  SCV  
  17  1:08  SCV  
  18  1:20  SCV  
  18  1:25  Barracks  
  19  1:32  SCV  
  19  1:37  Barracks Reactor  
  20  1:45  Supply Depot, Orbital Command  
  20  2:08  Supply Depot  
  20  2:13  Barracks  
  20  2:14  SCV  
  21  2:16  Marine x2  
  21  2:19  Barracks Tech Lab  
  23  2:26  SCV  
  24  2:30  Refinery  
  24  2:35  Supply Depot, Marine  
  25  2:38  Marine, SCV  
  27  2:49  Marauder  
  29  2:51  Stimpack  
  29  2:53  Marine  
  30  3:01  SCV  
  30  3:03  Barracks Reactor  
  31  3:08  Marine  
  31  3:11  Marine, Marauder  
  35  3:26  Marine  
  36  3:29  Marine  
  36  3:30  Supply Depot  
  37  3:47  Marine x3, Marauder  
  37  3:48  Marine  
  43  4:05  Marine x3  
  46  4:16  Marine, Marauder  
  47  4:23  Marine x2  
  49  4:31  Marine  
  49  4:34  Marine  
  49  4:37  Marine  
  52  4:41  Marine  
  47  4:53  Marine x3  
  47  4:54  Marine  
  47  4:58  Marine  
  51  5:10  Marine  
  51  5:11  Marine  
  51  5:12  Marine x2  
  53  5:16  Marine  
  51  5:28  Marine  
  44  5:44  Marine x4  
  44  5:46  Marine  
Show
View Real Time Build Order
Export as new Build Order

trancient Protoss 

Build Orders:  

Get SALT Encoding   

  12  0:05  Probe  
  13  0:17  Probe  
  14  0:23  Pylon  
  14  0:34  Probe  
  15  0:42  Gateway  
  15  0:55  Probe  
  16  0:58  Assimilator  
  16  1:07  Probe  
  16  1:09  Assimilator  
  17  1:19  Probe  
  18  1:30  Cybernetics Core  
  18  1:32  Probe  
  19  1:44  Probe  
  20  1:50  Pylon  
  20  1:56  Probe  
  21  2:02  Warp Gate (Chrono Boost)  
  21  2:08  Probe  
  22  2:20  Probe  
  23  2:27  Gateway  
  23  2:30  Gateway  
  23  2:31  Gateway  
  23  2:32  Probe  
  24  2:40  Pylon  
  24  2:44  Probe  
  25  3:03  Stalker  
  26  3:29  Pylon  
  26  3:35  Pylon  
  26  3:49  Stalker x4  
  34  4:13  Stalker x4  
  42  4:20  Probe  
  43  4:26  Twilight Council  
  43  4:51  Stalker x3  
  49  4:54  Stalker  
Show
View Real Time Build Order
Export as new Build Order

Buzzkill Protoss 

Build Orders:  

Get SALT Encoding   

  12  0:03  Probe (Chrono Boost)  
  13  0:15  Probe (Chrono Boost)  
  13  0:19  Assimilator  
  14  0:29  Pylon  
  14  0:30  Probe  
  15  0:47  Probe  
  16  0:52  Gateway  
  16  0:59  Probe (Chrono Boost)  
  18  1:11  Probe (Chrono Boost)  
  18  1:25  Probe  
  19  1:40  Cybernetics Core  
  19  1:45  Gateway  
  19  1:46  Gateway  
  19  1:50  Gateway  
  19  1:57  Probe  
  19  1:59  Assimilator  
  20  2:09  Probe  
  20  2:14  Pylon  
  21  2:21  Stalker  
  23  2:23  Warp Gate  
  23  2:28  Pylon  
  23  2:37  Stalker  
  23  2:43  Probe (Chrono Boost)  
  26  2:48  Stalker  
  28  2:53  Probe (Chrono Boost)  
  29  3:01  Stalker  
  31  3:08  Stalker  
  33  3:17  Stalker  
  35  3:25  Probe  
  34  3:37  Adept x2  
  36  3:50  Stalker  
  38  3:59  Pylon  
  36  5:05  Stalker x2  
  36  5:06  Stalker  
  42  5:07  Stalker  
  38  5:37  Stalker x2  
  38  5:38  Stalker x2  
  44  5:49  Nexus  
  44  5:52  Pylon  
  44  5:59  Pylon  
  44  6:02  Stalker  
Tags
 
Add a new tag
Caveats
  • Supply blocks, unpowered buildings, or Contaminate may cause inaccurate times.
  • Supply counts are checked every 10 seconds.